 Dungeon Crawl Stone Soup version 0.25.1-8-g42b30a86e7 (webtiles) character file.

Game seed: 17890754213887396375

751 Azimut41r the Charlatan (level 7, -8/53 HPs)
             Began as a Gnoll Artificer on Dec 13, 2020.
             Killed themself with a badly aimed iceblast (11 damage)
             ... on level 4 of the Dungeon.
             The game lasted 00:20:04 (5803 turns).

Azimut41r the Charlatan (Gnoll Artificer)           Turns: 5803, Time: 00:20:05

Health: -8/53      AC:  9    Str: 15    XL:     7   Next: 78%
Magic:  12/12      EV:  6    Int: 14    God:
Gold:   184        SH:  0    Dex: 16    Spells: 11/11 levels left

rFire    . . .     SeeInvis .   a - +0 short sword
rCold    . . .     Gourm    .   (no shield)
rNeg     . . .     Faith    .   j - -2 plate armour (curse)
rPois    .         Spirit   .   (no helmet)
rElec    .         Reflect  .   (no cloak)
rCorr    .         Harm     .   (no gloves)
MR       .....                  (no boots)
Stlth    ..........             (no amulet)
HPRegen  0.17/turn              (no ring)
MPRegen  0.13/turn              (no ring)

@: no status effects
A: distributed training, fangs 1, strong nose
a: no special abilities


You were on level 4 of the Dungeon.
You were not hungry.

You visited 1 branch of the dungeon, and saw 5 of its levels.

You collected 184 gold pieces.

Inventory:

Hand Weapons
 a - a +0 short sword (weapon)
Missiles
 n - 19 arrows
Armour
 b - a +0 leather armour
 j - a cursed -2 plate armour (worn)
Wands
 d - a wand of enslavement (14)
 e - a wand of random effects (11)
Scrolls
 i - 7 scrolls of identify {unknown}
 k - a scroll of enchant weapon {unknown}
 l - a scroll of blinking {unknown}
 m - a scroll of teleportation {unknown}
 p - 2 scrolls of random uselessness {unknown}
 q - a scroll of noise {unknown}
Potions
 g - a potion of heal wounds
 o - a potion of resistance {unknown}
Comestibles
 c - 5 chunks of flesh
 f - 7 rations


   Skills:
 + Level 3.7 Fighting
 + Level 3.7 Short Blades
 + Level 2.6 Long Blades
 + Level 2.6 Axes
 + Level 2.6 Maces & Flails
 + Level 2.6 Polearms
 + Level 2.6 Staves
 + Level 2.6 Slings
 + Level 2.6 Bows
 + Level 2.6 Crossbows
 + Level 2.6 Throwing
 + Level 2.6 Armour
 + Level 5.3 Dodging
 + Level 3.6 Stealth
 + Level 2.6 Shields
 + Level 2.6 Unarmed Combat
 + Level 2.6 Spellcasting
 + Level 2.1 Conjurations
 + Level 2.1 Hexes
 + Level 2.1 Charms
 + Level 2.1 Summonings
 + Level 2.1 Necromancy
 + Level 2.1 Translocations
 + Level 2.1 Transmutations
 + Level 2.1 Fire Magic
 + Level 2.1 Ice Magic
 + Level 2.1 Air Magic
 + Level 2.1 Earth Magic
 + Level 2.1 Poison Magic
 + Level 2.9 Invocations
 + Level 7.1 Evocations


You had 11 spell levels left.
You didn't know any spells.
Your spell library was empty.

Dungeon Overview and Level Annotations

Branches:
Dungeon (5/15)             Temple (0/1) D:4

Altars:
Nemelex Xobeh
Sif Muna
Yredelemnul


Innate Abilities, Weirdness & Mutations

Your experience applies equally to all skills.
You have very sharp teeth.
Your uncanny sense of smell can sniff out nearby items.


Message History

The ogre is severely wounded.
You hear a shout! x2; You hear a bark!
The ogre hits you with a +0 giant club!!
A quokka skeleton comes into view.
A quokka skeleton comes into view.
The quokka skeleton moves out of view.
There is a stone staircase leading up here.
The ogre hits you with a +0 giant club!!
* * * LOW HITPOINT WARNING * * *
The jackal barks!
You climb upwards.
There is a stone staircase leading down here.
Evoke which item? (* to show all) (? for menu, Esc to quit)
Aiming: Random Effects
Press: ? - help, Shift-Dir - straight line, f - ogre
Aim: an ogre, wielding a +0 giant club (severely wounded)
The mass of ice explodes!
The iceblast engulfs the ogre!
You kill the ogre!
The iceblast engulfs you!
You die...

#.#######....#8.8##.#
#.##.##.### #.#.#
#....##.###.# #.##.......
....# #######.#
#.###.####.#### ..#.#
#.###...#........# ..#.###
#....##.#.###.##.# ..#...#
####.##.#####.##.## ..###.#
##########.##.#...#...... ..#
#.# #...........#.#.#.#######
..# #.#
#.##.#..@..##...#.....# # ..#
#.# #.##.#..)..######..##.# #
### #.#
#.#..#........#.....#.# #
#.###.#.##......#.#.#..##.###
#...#.#....)....#...#.P......
###.#'#.......#.#####'.....≈≈
#......####.#.#..<.)....≈≈≈
##.....#....#.#.......≈≈≈≈≈
#.....#.##.#.#......≈≈≈≈≈≈


There were no monsters in sight!

Vanquished Creatures
  A hippogriff (D:4)
  2 ogres (D:4)
  2 howler monkeys (D:4)
  An orc priest (D:4)
  A hound (D:4)
  2 worker ants
  Natasha (thrice) (D:4)
  5 adders
  7 worms
  5 leopard geckos
  3 orcs
  5 giant cockroaches
  4 goblins
  3 hobgoblins
  2 jackals (D:4)
  5 kobolds
  3 quokkas (D:4)
  3 ball pythons
  A bat (D:1)
  2 frilled lizards
  8 rats
68 creatures vanquished.

Vanquished Creatures (others)
  2 orc wizards (D:4)
  An orc (D:4)
3 creatures vanquished.

Grand Total: 71 creatures vanquished

Notes
Turn   | Place    | Note
-------+----------+-------------------------------------------
     0 | D:1      | Azimut41r the Gnoll Artificer began the quest for the Orb.
     0 | D:1      | Reached XP level 1. HP: 17/17 MP: 4/4
   256 | D:1      | Reached XP level 2. HP: 5/23 MP: 6/6
  1141 | D:2      | Reached XP level 3. HP: 6/28 MP: 7/7
  1625 | D:2      | Reached skill level 1 in Invocations
  1896 | D:2      | Reached skill level 1 in Long Blades
  1896 | D:2      | Reached skill level 1 in Axes
  1896 | D:2      | Reached skill level 1 in Maces & Flails
  1896 | D:2      | Reached skill level 1 in Polearms
  1896 | D:2      | Reached skill level 1 in Staves
  1896 | D:2      | Reached skill level 1 in Slings
  1896 | D:2      | Reached skill level 1 in Bows
  1896 | D:2      | Reached skill level 1 in Crossbows
  1896 | D:2      | Reached skill level 1 in Throwing
  1896 | D:2      | Reached skill level 1 in Armour
  1896 | D:2      | Reached skill level 1 in Shields
  1896 | D:2      | Reached skill level 1 in Unarmed Combat
  1896 | D:2      | Reached skill level 1 in Spellcasting
  1896 | D:2      | Reached XP level 4. HP: 4/34 MP: 8/8
  2183 | D:2      | Found a sparkling altar of Nemelex Xobeh.
  2927 | D:3      | You fall into a shaft and drop 1 floor!
  2955 | D:3      | Reached skill level 1 in Conjurations
  2955 | D:3      | Reached skill level 1 in Hexes
  2955 | D:3      | Reached skill level 1 in Charms
  2955 | D:3      | Reached skill level 1 in Summonings
  2955 | D:3      | Reached skill level 1 in Necromancy
  2955 | D:3      | Reached skill level 1 in Translocations
  2955 | D:3      | Reached skill level 1 in Transmutations
  2955 | D:3      | Reached skill level 1 in Fire Magic
  2955 | D:3      | Reached skill level 1 in Ice Magic
  2955 | D:3      | Reached skill level 1 in Air Magic
  2955 | D:3      | Reached skill level 1 in Earth Magic
  2955 | D:3      | Reached skill level 1 in Poison Magic
  3193 | D:4      | Reached XP level 5. HP: 25/40 MP: 8/10
  3771 | D:4      | HP: 2/41 [poisoned by an adder]
  4156 | D:4      | Found a staircase to the Ecumenical Temple.
  4191 | D:4      | Reached XP level 6. HP: 39/47 MP: 11/11
  4298 | D:4      | Reached skill level 5 in Dodging
  4853 | D:4      | Noticed Natasha
  4860 | D:4      | Killed Natasha
  4999 | D:4      | Noticed Natasha
  5011 | D:4      | Killed Natasha
  5011 | D:4      | Reached XP level 7. HP: 32/52 MP: 12/12
  5148 | D:4      | Found a basalt altar of Yredelemnul.
  5183 | D:4      | Noticed Natasha
  5209 | D:4      | Killed Natasha
  5383 | D:4      | Found a shimmering blue altar of Sif Muna.
  5658 | D:4      | Noticed a hippogriff
  5666 | D:4      | Killed a hippogriff
  5666 | D:4      | Reached skill level 7 in Evocations
  5790 | D:5      | Entered Level 5 of the Dungeon
  5803 | D:4      | Killed themself with a badly aimed iceblast

Illustrated notes

Levels and vault maps discovered:
D:1:      lightli_arrival_farm, layout_basic
D:2:      layout_basic, nemelex_xobeh_ov_fountains_minmay
D:3:      kb_forest_paths, layout_basic, minmay_lizard_king, uniq_robin
D:4:      layout_basic, kennysheep_mini_moat, led_sif_book,
          minmay_temple_entry_drinking_statues, small_statue_intersection,
          guppyfry_early_lair_pool, uniq_natasha
D:5:      gammafunk_steamed_eel, layout_loops_ring, lightli_temple_of_fire,
          marbit_many_paths, first_ration

Skill      XL: |  1  2  3  4  5  6  7 |
---------------+----------------------+-----
Invocations    | 1 2 |  2.9
Long Blades    | 1 2 |  2.6
Axes           | 1 2 |  2.6
Maces & Flails | 1 2 |  2.6
Polearms       | 1 2 |  2.6
Staves         | 1 2 |  2.6
Slings         | 1 2 |  2.6
Bows           | 1 2 |  2.6
Crossbows      | 1 2 |  2.6
Throwing       | 1 2 |  2.6
Armour         | 1 2 |  2.6
Shields        | 1 2 |  2.6
Unarmed Combat | 1 2 |  2.6
Spellcasting   | 1 2 |  2.6
Conjurations   | 1 2 |  2.1
Hexes          | 1 2 |  2.1
Charms         | 1 2 |  2.1
Summonings     | 1 2 |  2.1
Necromancy     | 1 2 |  2.1
Translocations | 1 2 |  2.1
Transmutations | 1 2 |  2.1
Fire Magic     | 1 2 |  2.1
Ice Magic      | 1 2 |  2.1
Air Magic      | 1 2 |  2.1
Earth Magic    | 1 2 |  2.1
Poison Magic   | 1 2 |  2.1
Fighting       | 3 |  3.7
Short Blades   | 3 |  3.7
Stealth        | 3 |  3.6
Dodging        | 5 |  5.3
Evocations     | 7 |  7.1

Action                   |  1- 3 |  4- 6 |  7- 9 || total
-------------------------+-------+-------+-------++-------
Melee: Short sword       |   137 |   192 |    45 ||   374
       Bite              |    15 |    33 |     7 ||    55
       Punch             |     1 |     1 |       ||     2
Throw: Dart              |    23 |    43 |     9 ||    75
Evoke: Wand              |     5 |     9 |     6 ||    20
  Use: Potion            |       |     4 |       ||     4
 Stab: Sleeping          |     1 |       |       ||     1
       Paralysed         |       |       |     4 ||     4
  Eat: Chunk             |     3 |    10 |     3 ||    16
Armor: Plate armour      |    79 |   140 |    14 ||   233
       Leather armour    |     1 |       |       ||     1
       Skin              |       |     7 |       ||     7
Dodge: Dodged            |    49 |    68 |    17 ||   134
